 Dungeon Crawl Stone Soup version 0.31-a0-750-gfe7b580527 (webtiles) character file.

Game seed: 14644052420290205935

684 croobank the Ruffian (level 7, -8/53 HPs)
             Began as a Gnoll Shapeshifter on Sept 14, 2023.
             Splashed by a jelly's acid (10 damage)
             ... on level 6 of the Dungeon on Sept 15, 2023.
             The game lasted 00:10:47 (4611 turns).

croobank the Ruffian (Gnoll Shapeshifter)           Turns: 4611, Time: 00:10:47

Health: -8/53      AC: -13   Str: 14    XL:     7   Next: 62%
Magic:  11/11      EV: 13    Int: 11    God:
Gold:   347        SH:  5    Dex: 11    Spells: 8/11 levels left

rFire   . . .        g - +4 short sword (speed)
rCold   . . .        (no shield)
rNeg    . . .        a - +0 animal skin
rPois   .            (helmet currently unavailable)
rElec   .            (cloak currently unavailable)
rCorr   .            (gloves currently unavailable)
SInv    .            (boots currently unavailable)
Will    .....        v - amulet of reflection
Stlth   ++           l - ring of wizardry
HPRegen 0.28/turn    (no ring)
MPRegen 0.12/turn

%: reflection, wizardry (x1)
@: beast-form, corroded
A: beast (slay +4), fangs 1, strong nose, distributed training
a: Begin Untransformation


You were on level 6 of the Dungeon.
You were a hulking beast.
You visited 1 branch of the dungeon, and saw 6 of its levels.

You collected 347 gold pieces.

Inventory:

Hand Weapons
 f - a +1 dagger of venom
 g - a +4 short sword of speed (weapon)
 k - a +2 dagger of holy wrath
 p - a +0 war axe
Missiles
 u - 3 poisoned darts
Armour
 a - a +0 animal skin (worn)
 n - a +2 cloak
 t - a +0 ring mail
Jewellery
 i - an amulet of magic regeneration
 l - a ring of wizardry (left hand)
 v - an amulet of reflection (around neck)
Talismans
 c - a beast talisman (active)
 d - a flux talisman
Wands
 e - a wand of mindburst (9)
Scrolls
 b - 3 scrolls of identify
 h - a scroll of enchant weapon {unknown}
 m - 3 scrolls of enchant armour {unknown}
 o - a scroll of fog {unknown}
 q - 2 scrolls of teleportation {unknown}
 r - a scroll of brand weapon {unknown}
Potions
 j - 2 potions of haste
 s - a potion of lignification


   Skills:
 + Level 3.7 Fighting
 + Level 2.6 Short Blades
 + Level 2.6 Long Blades
 + Level 2.6 Axes
 + Level 2.6 Maces & Flails
 + Level 2.6 Polearms
 + Level 2.6 Staves
 + Level 2.6 Ranged Weapons
 + Level 2.6 Throwing
 + Level 2.6 Armour
 + Level 5.3 Dodging
 + Level 2.6 Stealth
 + Level 2.6 Shields
 + Level 7.1 Unarmed Combat
 + Level 2.6 Spellcasting
 + Level 2.1 Conjurations
 + Level 2.1 Hexes
 + Level 2.1 Summonings
 + Level 2.1 Necromancy
 + Level 2.1 Translocations
 + Level 2.1 Transmutations
 + Level 2.1 Fire Magic
 + Level 2.1 Ice Magic
 + Level 2.1 Air Magic
 + Level 2.1 Earth Magic
 + Level 2.1 Poison Magic
 + Level 3.0 Invocations
 + Level 2.6 Evocations
 + Level 7.0 Shapeshifting


You had 8 spell levels left.
You knew the following spells:

 Your Spells              Type           Power      Damage    Failure   Level
a - Mephitic Cloud        Conj/Pois/Air  6%         N/A       13%         3

Your spell library contained the following spells:

 Spells                   Type           Power      Damage    Failure   Level
 Magic Dart               Conj           24%        1d4       4%          1
 Call Imp                 Summ           12%        N/A       7%          2
 Conjure Ball Lightning   Conj/Air       3%         3x3d6     99%         6
 Discord                  Hex            3%         N/A       100%        8
 Disjunction              Tloc           3%         N/A       100%        8


Dungeon Overview and Level Annotations

Branches:
Dungeon (6/15)
 Temple: D:4-7

Altars:
Dithmenos
Sif Muna
Trog
Vehumet
Wu Jian
Zin

Shops:
D:5 (

Annotations:
D:4 exclusion: statue, Edmund


Innate Abilities, Weirdness & Mutations

You are a hulking beast.
Your limbs bulge with bestial killing power. (Slay +4)
You have very sharp teeth.
Your uncanny sense of smell can sniff out nearby items.
Your experience applies equally to all skills.


Message History

The jelly is heavily wounded.
The jelly hits you. The acid corrodes you!
You are splashed with acid!
You hit the jelly. The acid corrodes you!
Your hands burn!
You bite the jelly, but do no damage.
The jelly is severely wounded.
You hit the jelly but do no damage. The acid corrodes you!
Your hands burn!
You bite the jelly.
The jelly is severely wounded.
The jelly barely misses you.
You hit the jelly but do no damage.
Your hands burn!
The jelly is severely wounded.
You hit the jelly but do no damage.
Your hands burn!
The jelly is severely wounded.
You block the jelly's attack.
You hit the jelly but do no damage.
Your hands burn!
The jelly is severely wounded.
You hit the jelly but do no damage. The acid corrodes you!
Your hands burn!
The jelly is severely wounded.
The jelly barely misses you.
You hit the jelly but do no damage.
Your hands burn!
You punch the jelly, but do no damage.
The jelly is severely wounded.
The jelly closely misses you.
You hit the jelly.
Your hands burn!
The jelly is almost dead.
You hit the jelly but do no damage.
Your hands burn!
* * * LOW HITPOINT WARNING * * *
The jelly is almost dead.
The jelly barely misses you.
You hit the jelly but do no damage.
Your hands burn!
* * * LOW HITPOINT WARNING * * *
You bite the jelly, but do no damage.
The jelly is almost dead.
You hit the jelly.
Your hands burn!
* * * LOW HITPOINT WARNING * * *
The jelly is almost dead.
The jelly hits you.
* * * LOW HITPOINT WARNING * * *
You are splashed with acid!
You die...

.≈.######......
#≈.......≈≈≈≈≈≈≈
#≈≈≈≈≈≈≈≈.......
##.# #.#
#..######.#
#.......#.#
#.#####.#.#
#.#...#.#J#
#.#.#.#.#h#
#...#<#.#.#
#######.#.#
#.#.# #
#######.#.#..#
#............#
#.#####.#.##.#
...#... #
#########


You could see a jelly.

Vanquished Creatures
  Sigmund (D:2)
  An ice beast (D:5)
  A howler monkey (D:4)
  A jelly (D:4)
  Jessica (D:3)
  A sleepcap (D:4)
  Ijyb (D:3)
  3 iguanas (D:5)
  Terence (D:2)
  Robin (D:2)
  2 gnolls (D:4)
  7 adders
  3 worms
  3 dart slugs
  4 orcs
  6 bats
  4 endoplasms
  3 giant cockroaches (D:1)
  19 goblins
  6 hobgoblins
  9 jackals
  4 kobolds
  2 quokkas (D:1)
  7 ball pythons
  3 frilled lizards
  6 rats
100 creatures vanquished.

Notes
Turn   | Place    | Note
-------+----------+-------------------------------------------
     0 | D:1      | croobank the Gnoll Shapeshifter began the quest for the
                  | Orb.
     0 | D:1      | Reached XP level 1. HP: 17/17 MP: 1/1
   131 | D:1      | Reached XP level 2. HP: 11/23 MP: 2/2
   321 | D:1      | Found a faded altar of an unknown god.
   324 | D:1      | You fall into a shaft and drop 1 floor!
   341 | D:2      | Reached XP level 3. HP: 17/28 MP: 3/3
   865 | D:1      | Reached skill level 1 in Invocations
  1149 | D:2      | Noticed Robin
  1305 | D:1      | Reached skill level 1 in Short Blades
  1305 | D:1      | Reached skill level 1 in Long Blades
  1305 | D:1      | Reached skill level 1 in Axes
  1305 | D:1      | Reached skill level 1 in Maces & Flails
  1305 | D:1      | Reached skill level 1 in Polearms
  1305 | D:1      | Reached skill level 1 in Staves
  1305 | D:1      | Reached skill level 1 in Ranged Weapons
  1305 | D:1      | Reached skill level 1 in Throwing
  1305 | D:1      | Reached skill level 1 in Armour
  1305 | D:1      | Reached skill level 1 in Stealth
  1305 | D:1      | Reached skill level 1 in Shields
  1305 | D:1      | Reached skill level 1 in Spellcasting
  1305 | D:1      | Reached skill level 1 in Evocations
  1340 | D:1      | Reached XP level 4. HP: 32/34 MP: 5/5
  1357 | D:2      | Killed Robin
  1468 | D:2      | Noticed Sigmund
  1493 | D:2      | Killed Sigmund
  1494 | D:2      | Reached skill level 1 in Conjurations
  1494 | D:2      | Reached skill level 1 in Hexes
  1494 | D:2      | Reached skill level 1 in Summonings
  1494 | D:2      | Reached skill level 1 in Necromancy
  1494 | D:2      | Reached skill level 1 in Translocations
  1494 | D:2      | Reached skill level 1 in Transmutations
  1494 | D:2      | Reached skill level 1 in Fire Magic
  1494 | D:2      | Reached skill level 1 in Ice Magic
  1494 | D:2      | Reached skill level 1 in Air Magic
  1494 | D:2      | Reached skill level 1 in Earth Magic
  1494 | D:2      | Reached skill level 1 in Poison Magic
  1494 | D:2      | Reached XP level 5. HP: 5/41 MP: 5/7
  1494 | D:2      | Reached XP level 6. HP: 6/47 MP: 5/8
  1684 | D:2      | Noticed Terence
  1697 | D:2      | Killed Terence
  1986 | D:3      | Reached skill level 5 in Dodging
  2034 | D:3      | Noticed Ijyb
  2154 | D:4      | Found a radiant altar of Vehumet.
  2328 | D:4      | Found a shimmering blue altar of Sif Muna.
  2514 | D:4      | Found a glowing silver altar of Zin.
  2713 | D:4      | Noticed Edmund
  2812 | D:4      | Found a bloodstained altar of Trog.
  2923 | D:5      | Entered Level 5 of the Dungeon
  3161 | D:5      | Noticed an ice beast
  3168 | D:5      | Reached XP level 7. HP: 49/52 MP: 10/10
  3417 | D:5      | Found a shadowy altar of Dithmenos.
  3479 | D:5      | Found Gomuocw's Weapon Emporium.
  3479 | D:5      | Noticed a +0 triple sword
  3489 | D:5      | Noticed a +0 executioner's axe
  3688 | D:3      | Noticed Jessica
  3694 | D:3      | Killed Ijyb
  3829 | D:3      | Killed Jessica
  3884 | D:3      | Found an ornate altar of the Wu Jian Council.
  4074 | D:3      | Learned a level 3 spell: Mephitic Cloud
  4611 | D:6      | HP: 2/53 [jelly (1)]
  4611 | D:6      | Splashed by a jelly's acid

Illustrated notes

Levels and vault maps discovered:
D:1:      evilmike_arrival_rings, layout_loops_corners,
          hellmonk_ecumenical_altar_leap_of_faith, minmay_gold_behind_fungi
D:2:      layout_basic, chequers_serial_rivers_micro_b, uniq_robin,
          uniq_sigmund, uniq_terence
D:3:      layout_rooms, nicolae_wu_jian_glorious_leap, serial_rivers,
          chequers_serial_rivers_room_b, chequers_serial_rivers_small_a,
          chequers_serial_rivers_micro_a, chequers_serial_rivers_large_b,
          hangedman_decor_slide_cut, minivault_26, minmay_misc_feat_plants,
          kennysheep_generic_room_10, uniq_ijyb, uniq_jessica
D:4:      layout_basic, vehumet_statue, lightli_temple_of_fire,
          mainiacjoe_overflow_catwalk_spiral, uniq_edmund
D:5:      layout_basic, lemuel_tele_altar, serial_shops,
          nicolae_shop_mannequins, minmay_misc_feat_hallway
D:6:      layout_basic, nicolae_overflow_squiral, temple_hall,
          nicolae_grassy_gnolls, uniq_duvessa

Skill      XL: |  1  2  3  4  5  6  7 |
---------------+----------------------+-----
Invocations    | 1 2 3 |  3.0
Short Blades   | 1 2 |  2.6
Long Blades    | 1 2 |  2.6
Axes           | 1 2 |  2.6
Maces & Flails | 1 2 |  2.6
Polearms       | 1 2 |  2.6
Staves         | 1 2 |  2.6
Ranged Weapons | 1 2 |  2.6
Throwing       | 1 2 |  2.6
Armour         | 1 2 |  2.6
Stealth        | 1 2 |  2.6
Shields        | 1 2 |  2.6
Spellcasting   | 1 2 |  2.6
Evocations     | 1 2 |  2.6
Fighting       | 3 |  3.7
Conjurations   | 1 2 |  2.1
Hexes          | 1 2 |  2.1
Summonings     | 1 2 |  2.1
Necromancy     | 1 2 |  2.1
Translocations | 1 2 |  2.1
Transmutations | 1 2 |  2.1
Fire Magic     | 1 2 |  2.1
Ice Magic      | 1 2 |  2.1
Air Magic      | 1 2 |  2.1
Earth Magic    | 1 2 |  2.1
Poison Magic   | 1 2 |  2.1
Dodging        | 5 |  5.3
Unarmed Combat | 7 |  7.1
Shapeshifting  | 7 |  7.0

Action                     |  1- 3 |  4- 6 |  7- 9 || total
---------------------------+-------+-------+-------++-------
  Melee: Unarmed           |    47 |       |       ||    47
         Bite              |     7 |     8 |     9 ||    24
         Dagger            |    27 |    37 |       ||    64
         Punch             |     3 |     4 |     3 ||    10
         Short sword       |       |    87 |    86 ||   173
   Cast: Mephitic Cloud    |       |       |     1 ||     1
    Use: Potion            |       |     3 |       ||     3
         Scroll            |       |       |     2 ||     2
   Stab: Sleeping          |       |     3 |     2 ||     5
 Armour: Animal skin       |    43 |    48 |    18 ||   109
         Skin              |       |     4 |       ||     4
  Dodge: Dodged            |    56 |    39 |    42 ||   137
  Block: Other             |       |       |     2 ||     2

Table legend: (Time is in decaauts)
 A = Elapsed time spent in this place.
 B = Non-inter-level travel time spent in this place.
 C = Inter-level travel time spent in this place.
 D = Time resting spent in this place.
 E = Time spent auto-exploring this place.
 F = Levels seen in this place.
 G = Mean time per level.
                   A        B        C        D        E       F      G
               +--------+--------+--------+--------+--------+-----+--------+
         Total |   4567 |   4237 |    330 |    811 |   2647 |   6 |  761.2 |
       Dungeon |   4567 |   4237 |    330 |    811 |   2647 |   6 |  761.2 |
               +--------+--------+--------+--------+--------+-----+--------+

Top non-repeatable levels by time:
     D:1: 1274 daAuts
     D:4: 1034 daAuts
     D:3: 764 daAuts
     D:5: 757 daAuts
     D:2: 698 daAuts
     D:6: 38 daAuts
